 Dungeon Crawl Stone Soup version 0.19.5 (webtiles) character file.

100891 galech the Severer (level 15, -2/142 HPs)
             Began as a Deep Dwarf Fighter on Mar 14, 2017.
             Was the Champion of Makhleb.
             Slain by an entropy weaver (12 damage)
             ... on level 1 of the Spider Nest.
             The game lasted 01:14:04 (21734 turns).

galech the Severer (Deep Dwarf Fighter)            Turns: 21734, Time: 01:14:05

Health: -2/142     AC:  0    Str: 25    XL:     15   Next: 81%
Magic:  3/3        EV:  5    Int: 16    God:    Makhleb [******]
Gold:   402        SH:  0    Dex: 19    Spells: 0 memorised, 14 levels left

rFire  . . .     SeeInvis .     d - +9 hand axe of Winto {antimagic, Dex+4 Stlth+}
rCold  . . .     Gourm    .     Y - +6 crystal plate armour
rNeg   + . .     Faith    .     p - +0 large shield
rPois  +         Spirit   .     x - +0 helmet {Int+3}
rElec  .         Reflect  +     g - +0 cloak
rCorr  .         Harm     .     (no gloves)
MR     ++...                    (no boots)
Stlth  ..........               v - +2 amulet of reflection
                                M - ring "Xanion" {+Fly Int+3 Dex+3}
                                b - ring of poison resistance

@: about to teleport, corroded, held, non-regenerating, studying 2 skills
A: damage resistance, recharge devices, hooves 1, negative energy resistance 1,
sense surroundings 2, slow regeneration 3
a: Device Recharging, Minor Destruction, Lesser Servant of Makhleb, Major
Destruction, Greater Servant of Makhleb, Renounce Religion, Evoke Flight


You were on level 1 of the Spider Nest.
You worshipped Makhleb.
Makhleb was exalted by your worship.
You were not hungry.

You visited 4 branches of the dungeon, and saw 24 of its levels.
You also visited: Labyrinth, Bailey and Volcano.

You collected 2572 gold pieces.
You spent 2170 gold pieces at shops.

Inventory:

Hand Weapons
 d - the +9 hand axe of Winto (weapon) {antimagic, Dex+4 Stlth+}
   (You found it on level 12 of the Dungeon)

   It reduces the magical energy of the wielder, and disrupts the spells and
   magical abilities of those hit.
   Natural abilities and divine invocations are not affected.
   It affects your dexterity (+4).
   It makes you more stealthy.
Armour
 g - a +0 cloak (worn)
 p - a +0 large shield (worn)
 s - a +2 scale mail of cold resistance
 x - a +0 helmet of intelligence (worn)
 E - the +2 leather armour "Qiffa" {rF+ Dex+4 Stlth+}
   (You found it on level 1 of the Lair of Beasts)

   It affects your dexterity (+4).
   It protects you from fire.
   It makes you more stealthy.
 I - a +2 plate armour of magic resistance
 L - the +4 ring mail of Death Resistance {Int+7}
   (You found it on level 6 of the Dungeon)

   It affects your intelligence (+7).
 S - the +5 fire dragon scales of Kikubaaqudgha's Pride {rF++ rC- Slay+2}
   (You bought it in a shop on level 2 of the Orcish Mines)

   It affects your accuracy and damage with ranged weapons and melee attacks
   (+2).
   It greatly protects you from fire.
   It makes you vulnerable to cold.
 X - the +0 leather armour of Hedge Wizardry {+Inv rN++ MR- SInv}
   (You found it on level 5 of the Lair of Beasts)

   It greatly protects you from negative energy.
   It affects your resistance to hostile enchantments.
   It lets you see invisible.
   It lets you turn invisible.
 Y - a +6 crystal plate armour (worn)
Jewellery
 b - a ring of poison resistance (left hand)
 k - an uncursed ring of protection from magic
 v - a +2 amulet of reflection (around neck)
 y - an uncursed ring of magical power
 C - an uncursed amulet of guardian spirit
 D - an uncursed ring of protection from fire
 M - the ring "Xanion" (right hand) {+Fly Int+3 Dex+3}
   (You found it on level 3 of the Lair of Beasts)

   [ring of flight]

   It affects your intelligence (+3).
   It affects your dexterity (+3).
   It lets you fly.
 U - a cursed -3 ring of protection {unknown}
Wands
 a - a wand of digging (7/24)
 c - a wand of iceblast (10/15)
 e - a wand of heal wounds (3/9)
 G - a wand of hasting (3/9)
Scrolls
 h - 11 scrolls of remove curse
 q - 3 scrolls of blinking
 w - 3 scrolls of teleportation
 J - 2 scrolls of amnesia
 K - a scroll of fog
 N - a scroll of holy word
 W - 2 scrolls of enchant weapon
Potions
 i - a potion of resistance
 l - a potion of haste
 m - 6 potions of curing
 n - 5 potions of heal wounds
 o - a potion of beneficial mutation
 u - a potion of berserk rage
 z - 3 potions of might
 B - 4 potions of agility
 F - 5 potions of magic {unknown}
 H - 2 potions of cancellation
 O - 5 potions of degeneration {unknown}
 Q - 3 potions of cure mutation
 R - 2 potions of ambrosia
 T - 3 potions of mutation
 V - 2 potions of invisibility
Books
 A - a manual of Dodging
 Z - a manual of Maces & Flails
Comestibles
 f - 6 bread rations
 j - 2 chunks of flesh
 r - 4 slices of pizza
 t - 10 meat rations
 P - 52 fruits


   Skills:
 + Level 11.5 Fighting
 + Level 16.7 Axes
 + Level 12.5 Armour
 + Level 10.3 Dodging
 - Level 0.6 Stealth
 + Level 15.5 Shields
 + Level 8.9 Evocations


You had 14 spell levels left.
You didn't know any spells.

Dungeon Overview and Level Annotations

Branches:
Dungeon (15/15)            Temple (0/1) D:5            Lair (6/6) D:10
  Swamp (0/4) Lair:4       Spider (1/4) Lair:2        Slime (0/5) Lair:5
    Orc (2/2) D:10            Elf (0/3) Orc:2        Vaults (0/5) D:14
 Depths (0/5) D:15

Altars:
Ashenzari
Elyvilon
Hepliaklqana
Makhleb
Nemelex Xobeh
Ru
Xom
Yredelemnul
Zin
Jiyva

Shops:
D:8 }   D:9 =   Orc:2 ([*:

Annotations:
D:5 Prince Ribbit


Innate Abilities, Weirdness & Mutations

You are resistant to damage.
You can recharge devices by infusing magical energy.
You resist negative energy. (rN+)
You passively map the area around you.
You do not regenerate.
You have large cloven feet.


Message History

The jumping spider pounces on you!
* * * LOW HITPOINT WARNING * * *
The jumping spider bites you. The entropy weaver hits you. x2
The entropy weaver hits you!
* * * LOW HITPOINT WARNING * * *
The entropy weaver hits you!
* * * LOW HITPOINT WARNING * * *
Zapping:
e - a wand of heal wounds (4/9)
Press: ? - help, Shift-Dir - straight line, f - you You feel much better.
This wand has 3 charges left.
The jumping spider pounces on you!
* * * LOW HITPOINT WARNING * * *
You are even more entangled.
The jumping spider bites you!
* * * LOW HITPOINT WARNING * * *
The entropy weaver hits you!
* * * LOW HITPOINT WARNING * * *
The entropy weaver hits you.
* * * LOW HITPOINT WARNING * * *
The entropy weaver hits you!
You die...

#.########.#..#.#####.#
........###.....#.##..#
*........##......#.##..#
........##........##..#
....................#.###
,........##..............#
*
......†§##........#####.#
........##...a....# ##.##
........##...s@..####.## *
.......###......####..#
,........##..###%%.#...#
.......#..####.#......#
##.######..##.###......#
##...## ##...### ###. ** *
#..## #...# ...# ,###..###
#..#^# ##.#* ##......##
#.####


You could see an entropy weaver and a jumping spider.

Vanquished Creatures
  Rupert (Lair:6)
  3 orc warlords
  A fire dragon (D:15)
  A minotaur (Lab)
  Erolcha (Orc:2)
  Fannar (D:12)
  4 catoblepae
  2 ogre magi (D:14)
  An ice dragon (D:15)
  4 vault guards (D:14)
  2 death knights
  13 death yaks (Lair:6)
  The ghost of Shoikan the Basher, a novice MiBe of Trog (D:9)
  3 centaur warriors
  The ghost of Paps the Grappler, a novice TrFi of Hepliaklqana (D:10)
  A queen ant (Lair:2)
  4 orc high priests
  A sun demon (Volcano)
  The ghost of raikaria the Changer, a novice MfTm (Bailey)
  3 unseen horrors
  A phantasmal warrior (D:14)
  A lindwurm (Lair:6)
  3 hill giants
  4 orb spiders (Spider:1)
  8 orc sorcerers
  7 ugly things
  6 wolf spiders
  5 orc knights
  3 black mambas
  A centaur zombie (D:12)
  A cyclops (D:13)
  5 centaur skeletons
  2 molten gargoyles (Volcano)
  9 spiny frogs
  2 gargoyles (D:14)
  2 rime drakes
  2 freezing wraiths (D:14)
  A yaktaur (D:14)
  A red devil (Volcano)
  3 demonic crawlers (Spider:1)
  2 komodo dragons
  9 jumping spiders
  2 polar bears (Lair:6)
  10 trolls
  11 hippogriffs
  3 slime creatures (D:13)
  20 blink frogs
  4 dream sheep (Lair:6)
  19 redbacks (Spider:1)
  3 shadows (Lab)
  8 basilisks
  5 tarantellas (Spider:1)
  9 fire bats
  37 yaks
  A wyvern (Lair:4)
  A steam dragon (D:12)
  3 wraiths (D:14)
  3 hungry ghosts
  A mottled dragon (D:12)
  6 soldier ants
  3 swamp worms (Lair:4)
  5 wargs
  A hell hound (Volcano)
  7 porcupines
  A hornet zombie (D:14)
  35 orc warriors
  8 water moccasins
  Duvessa (D:4)
  An eye of draining (D:11)
  6 sky beasts
  6 ogres
  A necrophage (D:14)
  4 phantoms
  4 ice beasts
  7 wolves
  16 centaurs
  14 crocodiles
  3 big kobolds
  19 bullfrogs
  2 wyvern skeletons
  Dowan (D:4)
  A water moccasin zombie (D:11)
  10 killer bees
  4 scorpions
  4 wights (D:9)
  An electric eel (Lair:4)
  4 howler monkeys
  6 crimson imps
  6 lava snakes (Volcano)
  8 hounds
  29 orc priests
  A gnoll shaman (D:5)
  4 jellies
  Crazy Yiuf (D:3)
  2 bullfrog skeletons
  5 iguanas
  29 orc wizards
  18 worker ants
  2 hound skeletons
  A howler monkey zombie (D:4)
  23 adders
  3 gnolls (D:5)
  2 shadow imps
  2 oozes
  An adder zombie (D:7)
  2 adder skeletons
  2 worms
  A dart slug (D:1)
  10 leopard geckos
  104 orcs
  5 giant cockroaches
  10 hobgoblins
  14 jackals
  25 kobolds
  4 quokkas
  12 bats
  7 frilled lizards
  14 goblins
  9 rats
  5 fungi
809 creatures vanquished.

Vanquished Creatures (others)
  A cyclops (D:14)
  A yaktaur (D:14)
  3 centaurs
  2 orcs (Orc:1)
  8 kobolds (Bailey)
  5 fungi
  9 plants
29 creatures vanquished.

Grand Total: 838 creatures vanquished

Notes
Turn   | Place    | Note
-------+----------+-------------------------------------------
     0 | D:1      | galech the Deep Dwarf Fighter began the quest for the Orb.
     0 | D:1      | Reached XP level 1. HP: 20/20 MP: 1/1
   220 | D:1      | Reached XP level 2. HP: 27/27 MP: 2/2
   437 | D:1      | Reached XP level 3. HP: 33/33 MP: 3/3
   796 | D:2      | Reached skill level 3 in Axes
   796 | D:2      | Reached XP level 4. HP: 30/42 MP: 4/4
  1146 | D:2      | Found a glowing silver altar of Zin.
  1611 | D:3      | Found a burning altar of Makhleb.
  1619 | D:3      | Became a worshipper of Makhleb the Destroyer
  1715 | D:3      | Reached XP level 5. HP: 44/49 MP: 5/5
  1820 | D:3      | Reached skill level 4 in Axes
  1943 | D:3      | Found a hazy altar of Hepliaklqana.
  1943 | D:3      | Found a sacrificial altar of Ru.
  1943 | D:3      | Found a basalt altar of Yredelemnul.
  1994 | D:3      | Reached * piety under Makhleb
  2061 | D:3      | Found a runed door.
  2066 | D:3      | Noticed Crazy Yiuf
  2071 | D:3      | Killed Crazy Yiuf
  2071 | D:3      | Reached skill level 1 in Dodging
  2107 | D:3      | Found a shimmering altar of Xom.
  2290 | D:4      | Noticed Duvessa
  2291 | D:4      | Noticed Dowan
  2303 | D:3      | Reached XP level 6. HP: 37/56 MP: 6/6
  2463 | D:4      | Killed Duvessa
  2463 | D:4      | Reached skill level 5 in Axes
  2492 | D:4      | Killed Dowan
  2492 | D:4      | Reached skill level 1 in Evocations
  2746 | D:4      | Reached skill level 5 in Shields
  2746 | D:4      | Reached XP level 7. HP: 39/62 MP: 7/7
  3136 | D:5      | Entered Level 5 of the Dungeon
  3139 | D:5      | Found a staircase to the Ecumenical Temple.
  3159 | D:5      | Reached skill level 6 in Axes
  3245 | D:5      | Reached ** piety under Makhleb
  3252 | D:5      | Reached skill level 5 in Armour
  3401 | D:5      | Noticed Prince Ribbit
  3450 | D:5      | Reached skill level 7 in Axes
  3454 | D:5      | Gained mutation: You have large cloven feet. [mutagenic meat]
  3455 | D:5      | Gained mutation: Your flesh is cold resistant. (rC+) [mutagenic meat]
  3611 | D:5      | Reached XP level 8. HP: 70/72 MP: 9/9
  4004 | D:6      | Reached skill level 8 in Axes
  4105 | D:6      | Found a sparkling altar of Nemelex Xobeh.
  4153 | D:6      | Got an encrusted ring mail
  4172 | D:6      | Identified the +4 ring mail of Death Resistance {Int+7} (You found it on level 6 of the Dungeon)
  4337 | D:6      | Reached *** piety under Makhleb
  4396 | D:6      | Reached skill level 9 in Axes
  4400 | D:6      | Gained mutation: You are weak. (Str -2) [mutagenic meat]
  4401 | D:6      | Gained mutation: Scrolls take you a little longer to read. [mutagenic meat]
  4402 | D:6      | Gained mutation: You are dopey. (Int -2) [mutagenic meat]
  4535 | D:7      | Found a shattered altar of Ashenzari.
  4646 | D:7      | Gained mutation: You passively map the area around you. [Deep Dwarf growth]
  4646 | D:7      | Reached XP level 9. HP: 79/79 MP: 10/10
  5455 | D:8      | Found a white marble altar of Elyvilon.
  5585 | D:8      | Reached skill level 10 in Axes
  5586 | D:8      | Reached **** piety under Makhleb
  5608 | D:8      | Reached skill level 5 in Fighting
  6018 | D:8      | Found Toph's Gadget Shoppe.
  6496 | D:9      | Noticed a troll
  6506 | D:9      | Killed a troll
  6513 | D:9      | Reached XP level 10. HP: 49/91 MP: 11/11
  6563 | D:9      | Noticed Shoikan's ghost (novice MiBe)
  6601 | D:9      | Killed Shoikan's ghost
  6601 | D:9      | Reached skill level 11 in Axes
  6984 | D:9      | Found Rinim Dih's Jewellery Shoppe.
  7029 | D:10     | Entered Level 10 of the Dungeon
  7089 | D:10     | Noticed a hill giant
  7117 | D:10     | Killed a hill giant
  7218 | D:10     | Noticed Paps's ghost (novice TrFi)
  7234 | D:10     | Reached skill level 12 in Axes
  7243 | D:10     | HP: 4/91 [Paps's ghost (25)]
  7476 | D:11     | Lost mutation: You are dopey. (Int -2) [mutagenic meat]
  7482 | D:11     | Found a labyrinth entrance.
  7524 | D:11     | Noticed a hill giant
  7540 | D:11     | Killed a hill giant
  7561 | Lab      | Entered a labyrinth
  7830 | Lab      | Reached XP level 11. HP: 54/99 MP: 9/9
  8002 | Lab      | Noticed a minotaur
  8032 | Lab      | Lost mutation: You are weak. (Str -2) [potion of cure mutation]
  8032 | Lab      | Lost mutation: Scrolls take you a little longer to read. [potion of cure mutation]
  8077 | Lab      | Killed a minotaur
  8633 | D:11     | Reached skill level 13 in Axes
  8882 | D:10     | Found a staircase to the Orcish Mines.
  9132 | D:10     | Killed an unseen horror
  9181 | D:10     | Killed Paps's ghost
  9181 | D:10     | Reached skill level 10 in Shields
  9186 | D:10     | Found a staircase to the Lair.
  9638 | D:12     | Got a dazzling hand axe
  9639 | D:12     | Identified the +9 hand axe of Winto {antimagic, Dex+4 Stlth+} (You found it on level 12 of the Dungeon)
  9802 | D:12     | Reached ***** piety under Makhleb
  9819 | D:12     | Gained mutation: You possess an exceptional clarity of mind. [mutagenic meat]
  9821 | D:12     | Gained mutation: Scrolls take you a little longer to read. [mutagenic meat]
 10084 | D:12     | Noticed Fannar
 10107 | D:12     | Killed Fannar
 10107 | D:12     | Reached skill level 14 in Axes
 10107 | D:12     | Reached XP level 12. HP: 109/109 MP: 2/6
 10278 | Lair:1   | Entered Level 1 of the Lair of Beasts
 10364 | Lair:1   | Found a dark tunnel.
 10385 | Volcano  | Entered a volcano
 10584 | Volcano  | Found a radiant altar of Vehumet.
 10628 | Volcano  | Lost mutation: Scrolls take you a little longer to read. [mutagenic meat]
 10629 | Volcano  | Gained mutation: You are weak. (Str -2) [mutagenic meat]
 10630 | Volcano  | Gained mutation: Armour fits poorly on your strangely shaped body. [mutagenic meat]
 10630 | Volcano  | Lost mutation: You possess an exceptional clarity of mind. [potion of cure mutation]
 10630 | Volcano  | Lost mutation: Armour fits poorly on your strangely shaped body. [potion of cure mutation]
 10630 | Volcano  | Lost mutation: You are weak. (Str -2) [potion of cure mutation]
 10630 | Volcano  | Lost mutation: Your flesh is cold resistant. (rC+) [potion of cure mutation]
 10995 | Lair:1   | Got a twisted leather armour
 11006 | Lair:1   | Identified the +2 leather armour "Qiffa" {rF+ Dex+4 Stlth+} (You found it on level 1 of the Lair of Beasts)
 11722 | Lair:2   | Found a hole to the Spider Nest.
 12190 | Lair:2   | Noticed a queen ant
 12205 | Lair:2   | Killed a queen ant
 12232 | Lair:2   | Reached ****** piety under Makhleb
 12264 | Lair:2   | Reached XP level 13. HP: 120/120 MP: 2/7
 12714 | Lair:3   | Got a heavily runed wooden ring
 12716 | Lair:3   | Identified the ring "Xanion" {+Fly Int+3 Dex+3} (You found it on level 3 of the Lair of Beasts)
 13543 | Lair:4   | Reached skill level 15 in Axes
 13634 | Lair:4   | Reached skill level 10 in Armour
 13800 | Lair:4   | Found a staircase to the Swamp.
 14433 | Lair:5   | Got an ichor-stained leather armour
 14444 | Lair:5   | Identified the cursed +0 leather armour of Hedge Wizardry {+Inv rN++ MR- SInv} (You found it on level 5 of the Lair of Beasts)
 14636 | Lair:5   | Found a viscous altar of Jiyva.
 14636 | Lair:5   | Found a staircase to the Slime Pits.
 15023 | Lair:6   | Entered Level 6 of the Lair of Beasts
 15049 | Lair:6   | Noticed Rupert
 15091 | Lair:6   | Killed Rupert
 15471 | Lair:6   | Reached skill level 10 in Fighting
 15471 | Lair:6   | Gained mutation: You resist negative energy. (rN+) [Deep Dwarf growth]
 15471 | Lair:6   | Reached XP level 14. HP: 132/132 MP: 2/8
 15794 | Lair:6   | Reached skill level 5 in Dodging
 16019 | Orc:1    | Entered Level 1 of the Orcish Mines
 16160 | Orc:1    | Found a flagged portal.
 16173 | Bailey   | Entered a bailey
 16178 | Bailey   | Noticed an orc warlord
 16241 | Bailey   | Found a runed gate.
 16242 | Bailey   | Found a runed gate.
 16246 | Bailey   | Identified a scroll of acquirement
 16250 | Bailey   | Found a runed gate.
 16304 | Bailey   | Noticed raikaria's ghost (novice MfTm)
 16315 | Bailey   | Killed raikaria's ghost
 16396 | Bailey   | Killed an orc warlord
 16655 | Orc:1    | Noticed an orc warlord
 16674 | Orc:1    | Reached skill level 16 in Axes
 16708 | Orc:1    | Killed an orc warlord
 16708 | Orc:1    | Reached skill level 5 in Evocations
 17094 | Orc:2    | Entered Level 2 of the Orcish Mines
 17218 | Orc:2    | Noticed Erolcha
 17247 | Orc:2    | Killed Erolcha
 17258 | Orc:2    | Found a staircase to the Elven Halls.
 17723 | Orc:2    | Paralysed by an orc sorcerer for 3 turns
 17794 | Orc:2    | Noticed an orc warlord
 17836 | Orc:2    | Killed an orc warlord
 17918 | Orc:2    | Paralysed by an orc sorcerer for 4 turns
 18008 | Orc:2    | Found Xuitaweu's General Store.
 18009 | Orc:2    | Found Roimit's Book Shop.
 18010 | Orc:2    | Found Rynkaats's Antique Armour Shop.
 18010 | Orc:2    | Found Fuecuor's Antique Weapon Boutique.
 18024 | Orc:2    | Bought a scroll of identify for 30 gold pieces
 18024 | Orc:2    | Bought a scroll of identify for 30 gold pieces
 18024 | Orc:2    | Bought a scroll of identify for 30 gold pieces
 18228 | Orc:2    | Bought distressingly furry fire dragon scales for 2080 gold pieces
 18240 | Orc:2    | Identified the +5 fire dragon scales of Kikubaaqudgha's Pride {rF++ rC- Slay+2} (You bought it in a shop on level 2 of the Orcish Mines)
 18524 | D:13     | Reached XP level 15. HP: 94/141 MP: 3/9
 19009 | D:14     | Reached skill level 15 in Shields
 19795 | D:14     | Found a gate to the Vaults.
 20135 | D:15     | Entered Level 15 of the Dungeon
 20408 | D:15     | Got a bloodstained halberd
 20451 | D:15     | Found a staircase to the Depths.
 21030 | Spider:1 | Entered Level 1 of the Spider Nest
 21198 | Spider:1 | Reached skill level 10 in Dodging
 21734 | Spider:1 | Slain by an entropy weaver

Skill      XL: |  1  2  3  4  5  6  7  8  9 10 11 12 13 14 15 |
---------------+----------------------------------------------+-----
Fighting       | 3 4 5 6 7 8 10 11 | 11.5
Shields        | 4 5 6 7 8 10 12 14 15 | 15.5
Axes           | 3 4 5 7 9 10 12 14 15 16 | 16.7
Armour         | 4 5 6 7 8 9 10 11 12 | 12.5
Dodging        | 1 2 3 4 7 10 | 10.3
Evocations     | 1 2 3 6 8 |  8.9
Stealth        | |  0.6

Action                   |  1- 3 |  4- 6 |  7- 9 | 10-12 | 13-15 || total
-------------------------+-------+-------+-------+-------+-------++-------
Melee: War axe           |   140 |   276 |   427 |   664 |       ||  1507
       Kick              |       |       |   100 |   402 |   983 ||  1485
       Hand axe          |       |       |       |   501 |  1982 ||  2483
 Abil: Device Recharging |       |       |       |     8 |     3 ||    11
Evoke: Wand              |       |     5 |     7 |    35 |    12 ||    59
  Use: Scroll            |       |     8 |     8 |    17 |    18 ||    51
       Potion            |       |     2 |       |     2 |     2 ||     6
 Stab: Distracted        |       |       |       |       |     1 ||     1
  Eat: Chunk             |       |     7 |    18 |    28 |    32 ||    85
       Bread ration      |       |       |       |     2 |       ||     2
Armor: Scale mail        |    74 |   155 |     1 |       |       ||   230
       Chain mail        |       |       |    84 |       |       ||    84
       Ring mail         |       |       |   107 |    77 |       ||   184
       Crystal plate arm |       |       |       |   387 |   886 ||  1273
Dodge: Dodged            |    51 |    95 |   149 |   188 |   383 ||   866
Block: Shield            |    72 |   162 |   266 |   671 |  1047 ||  2218
       Reflection        |       |       |     2 |    11 |    61 ||    74
       Large shield      |       |       |       |       |   367 ||   367
